 Dungeon Crawl Stone Soup version 0.21.1-1-g345015f (webtiles) character file.

12129 thiefofnight the Covert (level 12, -11/80 HPs)
             Began as a Halfling Assassin on May 1, 2018.
             Was a Priest of Dithmenos.
             Mangled by a cyan ugly thing (16 damage)
             ... on level 11 of the Dungeon.
             The game lasted 00:43:27 (11817 turns).

thiefofnight the Covert (Halfling Assassin)        Turns: 11817, Time: 00:43:28

Health: -11/80     AC: 12    Str: 15 (17) XL:     12   Next: 16%
Magic:  12/12      EV: 22    Int:  8 (9)  God:    Dithmenos [***...]
Gold:   618        SH:  0    Dex: 20 (21) Spells: 10/11 levels left

rFire    . . .     SeeInvis +   k - +2 dagger (elec)
rCold    . . .     Gourm    .   (shield restricted)
rNeg     . . .     Faith    .   n - +1 troll leather armour
rPois    .         Spirit   .   (no helmet)
rElec    .         Reflect  .   d - +2 cloak
rCorr    .         Harm     .   y - +2 pair of gloves
MR       +....                  (no boots)
Stlth    +++++++...             (no amulet)
HPRegen  0.63/turn              H - ring of protection from magic
MPRegen  0.13/turn              u - ring of see invisible

@: mighty, wreathed by umbra
A: small, mutation resistance 1
a: Shadow Step, Renounce Religion


You were on level 11 of the Dungeon.
You worshipped Dithmenos.
Dithmenos was most pleased with you.
You were not hungry.

You visited 2 branches of the dungeon, and saw 12 of its levels.
You also visited: Bailey.

You collected 618 gold pieces.

Inventory:

Hand Weapons
 a - a +2 dagger of electrocution
 b - a +0 blowgun
 k - a +2 dagger of electrocution (weapon)
 P - a +1 dagger of protection
Missiles
 e - 79 poisoned needles
 f - 4 curare-tipped needles
 i - 241 stones
 r - 3 tomahawks (quivered)
 v - 9 javelins
Armour
 c - a +0 robe
 d - a +2 cloak (worn)
 n - a +1 troll leather armour (worn)
 y - a +2 pair of gloves (worn)
 J - +0 ice dragon scales
Jewellery
 q - an uncursed ring of wizardry {unknown}
 u - a ring of see invisible (right hand)
 G - an uncursed ring of ice {unknown}
 H - a ring of protection from magic (left hand)
 K - an uncursed ring of poison resistance {unknown}
Wands
 t - a wand of acid (6)
 A - a wand of disintegration (17)
 I - a wand of enslavement (8)
Scrolls
 h - a scroll of amnesia
 j - a scroll of blinking
 p - 8 scrolls of remove curse
 w - 2 scrolls of teleportation
Potions
 m - a potion of cancellation
 o - a potion of degeneration
 F - a potion of agility {unknown}
 O - a potion of brilliance {unknown}
 Q - a potion of berserk rage {unknown}
Books
 z - a book of Cantrips

   Spells                             Type                      Level
   a - Confusing Touch                Hexes                        1
   b - Animate Skeleton               Necromancy                   1
   c - Summon Small Mammal            Summoning                    1
   d - Apportation                    Translocation                1
Miscellaneous
 L - a lamp of fire
Comestibles
 g - 11 rations


   Skills:
 + Level 6.5 Fighting
 + Level 11.4 Short Blades
 + Level 2.9 Throwing
 + Level 5.1 Armour
 + Level 9.1 Dodging
 + Level 13.1 Stealth
 + Level 0.1 Evocations


You had 10 spell levels left.
You knew the following spells:

 Your Spells              Type           Power        Failure   Level  Hunger
a - Animate Skeleton      Necr           N/A          45%         1    ##.....


Dungeon Overview and Level Annotations

Branches:
Dungeon (11/15)            Temple (1/1) D:6            Lair (0/6) D:10
    Orc (0/2) D:11

Altars:
Ashenzari
Cheibriados
Dithmenos
Elyvilon
Fedhas
Gozag
Hepliaklqana
Kikubaaqudgha
Makhleb
Nemelex Xobeh
Okawaru
Qazlal
Ru
Sif Muna
Trog
Uskayaw
Vehumet
Wu Jian
Xom
Yredelemnul
Zin
The Shining One

Shops:
D:10 (   D:11 !


Innate Abilities, Weirdness & Mutations

You are small and have problems with some larger weapons.
You are somewhat resistant to further mutation.


Message History

The cyan ugly thing shocks you!
* * * LOW HITPOINT WARNING * * *
You hit the cyan ugly thing.
The cyan ugly thing is severely wounded.
You closely miss the cyan ugly thing.
The cyan ugly thing is severely wounded.
The cyan ugly thing barely misses you.
You completely miss the cyan ugly thing.
The cyan ugly thing is severely wounded.
You closely miss the cyan ugly thing.
The cyan ugly thing is severely wounded.
The cyan ugly thing tentacle-slaps you but does no damage.
You closely miss the cyan ugly thing.
The cyan ugly thing is severely wounded.
You closely miss the cyan ugly thing.
The cyan ugly thing is severely wounded.
The cyan ugly thing tentacle-slaps you.
* * * LOW HITPOINT WARNING * * *
The cyan ugly thing shocks you!
You die...

#.#####.####....###.#......#..≈
#.#.)...# ####.# #.#......#...
#.#.###########.# #.#......#...
#.....).........# #.#......###+
###.############# #.#......###+
#.#....<..##.. ..#......##..
#.##.##.#.##.# ###......##..
#.# ...#.##.# #.#+#####..
#.#######)##@######.#.# #..
#........)#..u).......# #..
#.........#..#..........# #..
###.........#..#.........####)#
#...........#..#.....≈≈≈≈# #..#
#....####...#..#......≈≈≈###...
#....# #...#..#......≈..#..##.
#....# #...#..#.....≈≈..##.#..
#....# #...#..#.........##)###


You could see a cyan ugly thing.

Vanquished Creatures
  3 two-headed ogres
  The ghost of crasatator the Cleaver, a novice DsGl of Okawaru (D:6)
  The ghost of thiefofnight the Cutter, a novice HaAs (D:5)
  Psyche (D:11)
  A centaur skeleton (D:11)
  2 trolls (D:11)
  2 hornets
  A hippogriff (D:6)
  Prince Ribbit (D:8)
  12 yaks
  A wyvern (D:8)
  Grum (D:11)
  A human (D:7)
  A hungry ghost (D:11)
  2 hogs (D:7)
  A steam dragon (D:9)
  2 ice beasts
  4 sky beasts
  4 orc warriors
  A black bear (D:7)
  A necrophage (D:5)
  5 centaurs
  3 ogres
  3 phantoms
  2 wolves (D:11)
  A crocodile (D:9)
  A big kobold (D:10)
  A gnoll sergeant (D:10)
  7 bullfrogs
  A scorpion (D:8)
  5 wights (D:8)
  5 howler monkeys
  7 crimson imps
  A quasit (D:9)
  2 hounds (D:6)
  4 jellies
  4 orc priests
  3 iguanas
  Jessica (D:2)
  Terence (D:3)
  5 orc wizards
  10 worker ants
  Natasha (twice) (D:4)
  6 ogre zombies (D:11)
  A hound zombie (D:6)
  3 hound skeletons
  A worker ant zombie (D:7)
  3 gnolls (D:10)
  10 adders
  4 shadow imps
  An ooze (D:5)
  An adder zombie (D:6)
  2 dart slugs
  7 leopard geckos
  36 orcs
  4 bats
  10 giant cockroaches
  8 goblins
  4 hobgoblins
  13 jackals
  A quokka (D:7)
  7 frilled lizards
  A goblin skeleton (D:11)
  3 goblin zombies (D:11)
  10 kobolds
  A leopard gecko zombie (D:6)
  3 orc skeletons (D:11)
  11 orc zombies (D:11)
  6 rats
275 creatures vanquished.

Vanquished Creatures (others)
  2 fungi (D:10)
2 creatures vanquished.

Grand Total: 277 creatures vanquished

Notes
Turn   | Place    | Note
-------+----------+-------------------------------------------
     0 | D:1      | thiefofnight the Halfling Assassin began the quest for the Orb.
     0 | D:1      | Reached XP level 1. HP: 14/14 MP: 1/1
   180 | D:1      | Reached XP level 2. HP: 19/19 MP: 2/2
   415 | D:1      | Reached XP level 3. HP: 18/24 MP: 3/3
   430 | D:1      | Reached skill level 5 in Stealth
  1186 | D:2      | Noticed Jessica
  1418 | D:2      | Killed Jessica
  1418 | D:2      | Reached XP level 4. HP: 29/29 MP: 4/4
  1594 | D:2      | Reached XP level 5. HP: 34/34 MP: 5/5
  2358 | D:3      | Found a bloodstained altar of Trog.
  2373 | D:3      | Noticed Terence
  2377 | D:3      | Killed Terence
  2775 | D:4      | Reached skill level 6 in Stealth
  2775 | D:4      | Reached XP level 6. HP: 39/39 MP: 6/6
  3191 | D:4      | Noticed Natasha
  3199 | D:4      | Killed Natasha
  3347 | D:4      | Noticed Natasha
  3361 | D:4      | Killed Natasha
  3413 | D:5      | Entered Level 5 of the Dungeon
  3458 | D:5      | Reached skill level 5 in Short Blades
  3507 | D:5      | Reached skill level 7 in Stealth
  3507 | D:5      | Reached XP level 7. HP: 44/45 MP: 7/7
  3691 | D:5      | Noticed thiefofnight's ghost (novice HaAs)
  4198 | D:5      | Killed thiefofnight's ghost
  4198 | D:5      | Reached skill level 1 in Armour
  4198 | D:5      | Reached skill level 8 in Stealth
  4198 | D:5      | Reached XP level 8. HP: 36/51 MP: 8/8
  4884 | D:6      | Found a sand-covered staircase.
  4962 | D:6      | Learned a level 1 spell: Animate Skeleton
  5005 | D:6      | Noticed crasatator's ghost (novice DsGl)
  5041 | D:6      | Killed crasatator's ghost
  5041 | D:6      | Reached skill level 9 in Stealth
  5041 | D:6      | Reached XP level 9. HP: 27/57 MP: 9/9
  5297 | D:6      | Noticed a hippogriff
  5304 | D:6      | Killed a hippogriff
  5351 | D:6      | Found an iron altar of Okawaru.
  5399 | D:6      | Reached skill level 5 in Dodging
  5531 | D:6      | Reached skill level 10 in Stealth
  5756 | D:6      | Found a staircase to the Ecumenical Temple.
  5778 | Temple   | Entered the Ecumenical Temple
  6362 | D:7      | Reached XP level 10. HP: 38/63 MP: 10/10
  6785 | D:7      | Found a sacrificial altar of Ru.
  7698 | D:8      | Reached skill level 10 in Short Blades
  7698 | D:8      | Reached skill level 11 in Stealth
  7717 | D:8      | Noticed Prince Ribbit
  7759 | D:8      | Killed Prince Ribbit
  8284 | D:8      | Found a shadowy altar of Dithmenos.
  8285 | D:8      | Found an iron altar of Okawaru.
  8285 | D:8      | Found a white marble altar of Elyvilon.
  8285 | D:8      | Found a shimmering altar of Xom.
  8339 | D:8      | Became a worshipper of Dithmenos the Shadowed
  8924 | D:9      | Reached XP level 11. HP: 61/70 MP: 11/11
  8937 | D:9      | Reached skill level 5 in Fighting
  9481 | D:9      | Reached * piety under Dithmenos
  9691 | D:10     | Entered Level 10 of the Dungeon
  9703 | D:10     | Found a staircase to the Lair.
  9811 | D:10     | Noticed a two-headed ogre
  9839 | D:10     | Killed a two-headed ogre
  9839 | D:10     | Reached skill level 12 in Stealth
 10049 | D:10     | Found a shattered altar of Ashenzari.
 10053 | D:10     | Saw a vision of the Swamp and the Snake Pit.
 10053 | D:10     | Noticed an alligator
 10053 | D:10     | Noticed a mana viper
 10053 | D:10     | Noticed a salamander
 10053 | D:10     | Noticed a naga ritualist
 10075 | D:10     | Found a flagged portal.
 10092 | Bailey   | Entered a bailey
 10221 | D:10     | Found Nunotorch's Weapon Shoppe.
 10221 | D:10     | Noticed a two-headed ogre
 10228 | D:10     | Killed a two-headed ogre
 10599 | D:11     | Noticed Grum
 10608 | D:11     | Noticed a two-headed ogre
 10609 | D:11     | Reached ** piety under Dithmenos
 10609 | D:11     | Reached skill level 5 in Armour
 10610 | D:11     | Found Woyf's Distillery.
 10665 | D:11     | Killed a two-headed ogre
 10686 | D:11     | Killed Grum
 10882 | D:11     | Noticed Psyche
 10908 | D:11     | Killed Psyche
 10942 | D:11     | Reached XP level 12. HP: 45/79 MP: 12/12
 11092 | D:11     | Reached skill level 13 in Stealth
 11244 | D:11     | Found a staircase to the Orcish Mines.
 11315 | D:11     | Reached *** piety under Dithmenos
 11543 | D:11     | HP: 1/80 [cyan ugly thing (17)]
 11817 | D:11     | Mangled by a cyan ugly thing

Skill      XL: |  1  2  3  4  5  6  7  8  9 10 11 12 |
---------------+-------------------------------------+-----
Fighting       | 2 3 4 6 |  6.5
Stealth        | 5 6 7 8 9 10 11 12 13 | 13.1
Short Blades   | 3 4 5 6 8 9 10 11 | 11.4
Dodging        | 2 3 4 5 7 8 9 |  9.1
Armour         | 1 2 3 4 5 |  5.1
Throwing       | |  2.9
Evocations     | |  0.1

Action                   |  1- 3 |  4- 6 |  7- 9 | 10-12 || total
-------------------------+-------+-------+-------+-------++-------
Melee: Dagger            |    80 |    77 |   231 |   853 ||  1241
Throw: Tomahawk          |       |     3 |     1 |       ||     4
Evoke: Wand              |       |       |       |     1 ||     1
  Use: Scroll            |     1 |     4 |     4 |     9 ||    18
       Potion            |       |       |       |     7 ||     7
 Stab: Sleeping          |     7 |    14 |     8 |    23 ||    52
       Distracted        |       |     1 |       |     1 ||     2
  Eat: Chunk             |       |     8 |     4 |    13 ||    25
       Ration            |       |       |     2 |     2 ||     4
Armor: Robe              |     7 |     8 |     5 |       ||    20
       Leather armour    |       |       |    29 |    41 ||    70
       Troll leather arm |       |       |       |    13 ||    13
Dodge: Dodged            |    49 |    56 |   114 |   434 ||   653
